 Dungeon Crawl Stone Soup version 0.21-a0-633-g4c047d5 (webtiles) character file.

186 TheGoonsmith the Magician (level 5, -4/37 HPs)
             Began as a Gnoll Wizard on Dec 28, 2017.
             Killed from afar by an orc wizard (7 damage)
             ... with a magic dart
             ... on level 4 of the Dungeon.
             The game lasted 00:04:01 (2932 turns).

TheGoonsmith the Magician (Gnoll Wizard)            Turns: 2932, Time: 00:04:01

Health: -4/37      AC:  3    Str:  9    XL:     5   Next: 66%
Magic:  3/14       EV: 14    Int: 21    God:
Gold:   175        SH:  0    Dex: 14    Spells: 9/18 levels left

rFire    . . .     SeeInvis .   e - +0 dagger (venom)
rCold    . . .     Gourm    .   (no shield)
rNeg     . . .     Faith    .   a - +0 robe
rPois    .         Spirit   .   b - +0 hat
rElec    .         Reflect  .   i - +0 cloak
rCorr    .         Harm     .   (no gloves)
MR       .....                  (no boots)
Stlth    +++.......             (no amulet)
HPRegen  0.12/turn              (no ring)
MPRegen  0.14/turn              (no ring)

@: no status effects
A: distributed training, fangs 1, strong nose
a: no special abilities


You were on level 4 of the Dungeon.
You were near starving.

You visited 1 branch of the dungeon, and saw 4 of its levels.

You collected 175 gold pieces.

Inventory:

Hand Weapons
 e - a +0 dagger of venom (weapon)
Missiles
 q - 17 sling bullets
Armour
 a - a +0 robe (worn)
 b - a +0 hat (worn)
 i - a +0 cloak (worn)
Jewellery
 m - an uncursed ring of see invisible {unknown}
Wands
 o - a wand of clouds (6)
Scrolls
 f - 2 scrolls of identify
 h - 3 scrolls of amnesia {unknown}
 j - a scroll of remove curse {unknown}
 k - 3 scrolls of teleportation {unknown}
 p - a scroll of fog {unknown}
Potions
 g - 2 potions of haste
 n - a potion of heal wounds
 r - a potion of lignification
Books
 c - a book of Minor Magic

   Spells                             Type                      Level
   a - Magic Dart                     Conjuration                  1
   b - Blink                          Translocation                2
   c - Call Imp                       Summoning                    2
   d - Slow                           Hexes                        2
   e - Conjure Flame                  Conjuration/Fire             3
   f - Mephitic Cloud                 Conjuration/Poison/Air       3
Comestibles
 d - 9 rations


   Skills:
 + Level 1.5 Fighting
 + Level 1.5 Short Blades
 + Level 1.5 Long Blades
 + Level 1.5 Axes
 + Level 1.5 Maces & Flails
 + Level 1.5 Polearms
 + Level 1.5 Staves
 + Level 1.5 Slings
 + Level 1.5 Bows
 + Level 1.5 Crossbows
 + Level 1.5 Throwing
 + Level 1.5 Armour
 + Level 4.8 Dodging
 + Level 4.4 Stealth
 + Level 1.5 Shields
 + Level 1.5 Unarmed Combat
 + Level 7.3 Spellcasting
 + Level 2.4 Conjurations
 + Level 1.2 Hexes
 + Level 1.2 Charms
 + Level 2.4 Summonings
 + Level 1.2 Necromancy
 + Level 2.4 Translocations
 + Level 1.2 Transmutations
 + Level 1.2 Fire Magic
 + Level 1.2 Ice Magic
 + Level 1.2 Air Magic
 + Level 1.2 Earth Magic
 + Level 1.2 Poison Magic
 + Level 1.7 Invocations
 + Level 1.5 Evocations


You had 9 spell levels left.
You knew the following spells:

 Your Spells              Type           Power        Failure   Level  Hunger
a - Magic Dart            Conj           ###.         3%          1    None
c - Conjure Flame         Conj/Fire      ###.....     12%         3    None
e - Blink                 Tloc           N/A          4%          2    None
x - Mephitic Cloud        Conj/Pois/Air  ##......     13%         3    None


Dungeon Overview and Level Annotations

Branches:
Dungeon (4/15)
 Temple: D:4-7

Altars:


Innate Abilities, Weirdness & Mutations

Your experience applies equally to all skills.
You have very sharp teeth.
Your uncanny sense of smell can sniff out nearby items.


Message History

The magic dart hits the orc wizard.
The orc wizard is heavily wounded.
The orc wizard hits you with a dagger.
* * * LOW HITPOINT WARNING * * *
The orc wizard hits you with a dagger.
* * * LOW HITPOINT WARNING * * *
Casting: Magic Dart
Confirm with . or Enter, or press ? or * to list all spells.
Aiming: Magic Dart
Press: ? - help, Shift-Dir - straight line, f/p - orc wizard
Aim: an orc wizard, wielding a dagger and wearing a robe (heavily wounded, fast)
The magic dart hits the orc wizard.
The orc wizard is almost dead.
The orc wizard hits you with a dagger.
* * * LOW HITPOINT WARNING * * *
You closely miss the orc wizard.
The orc wizard is almost dead.
The orc wizard gestures at you while chanting.
The magic dart hits you!
You die...

$ .. .
...##########..
...............
...............
#..............
......o@)......
.......†.......
...##..........
. #####......
#....# #..##
#.# ##


You could see an orc wizard.

Vanquished Creatures
  The ghost of TheGoonsmith the Grave Robber, an amateur GnNe (D:3)
  An orc priest (D:4)
  An adder (D:2)
  2 gnolls (D:3)
  2 worms (D:3)
  A dart slug (D:3)
  A leopard gecko (D:1)
  3 orcs
  A bat (D:1)
  A giant cockroach (D:2)
  10 goblins
  2 hobgoblins (D:2)
  2 jackals (D:2)
  A quokka (D:2)
  A ball python (D:1)
  5 frilled lizards
  2 kobolds
  6 rats
43 creatures vanquished.

Notes
Turn   | Place    | Note
-------+----------+-------------------------------------------
     0 | D:1      | TheGoonsmith the Gnoll Wizard began the quest for the Orb.
     0 | D:1      | Reached XP level 1. HP: 13/13 MP: 8/8
   509 | D:1      | Reached XP level 2. HP: 19/19 MP: 6/10
   928 | D:2      | Learned a level 2 spell: Blink
  1000 | D:2      | Found a faded altar of an unknown god.
  1084 | D:2      | Reached XP level 3. HP: 25/25 MP: 5/11
  1884 | D:3      | Reached skill level 1 in Invocations
  1958 | D:3      | Noticed TheGoonsmith's ghost (amateur GnNe)
  1971 | D:2      | Learned a level 3 spell: Conjure Flame
  1975 | D:2      | Learned a level 3 spell: Mephitic Cloud
  2270 | D:3      | Reached skill level 1 in Fighting
  2270 | D:3      | Reached skill level 1 in Short Blades
  2270 | D:3      | Reached skill level 1 in Long Blades
  2270 | D:3      | Reached skill level 1 in Axes
  2270 | D:3      | Reached skill level 1 in Maces & Flails
  2270 | D:3      | Reached skill level 1 in Polearms
  2270 | D:3      | Reached skill level 1 in Staves
  2270 | D:3      | Reached skill level 1 in Slings
  2270 | D:3      | Reached skill level 1 in Bows
  2270 | D:3      | Reached skill level 1 in Crossbows
  2270 | D:3      | Reached skill level 1 in Throwing
  2270 | D:3      | Reached skill level 1 in Armour
  2270 | D:3      | Reached skill level 1 in Shields
  2270 | D:3      | Reached skill level 1 in Unarmed Combat
  2270 | D:3      | Reached skill level 1 in Evocations
  2562 | D:3      | Reached XP level 4. HP: 21/32 MP: 4/13
  2747 | D:3      | Killed TheGoonsmith's ghost
  2747 | D:3      | Reached skill level 1 in Hexes
  2747 | D:3      | Reached skill level 1 in Charms
  2747 | D:3      | Reached skill level 1 in Necromancy
  2747 | D:3      | Reached skill level 1 in Transmutations
  2747 | D:3      | Reached skill level 1 in Fire Magic
  2747 | D:3      | Reached skill level 1 in Ice Magic
  2747 | D:3      | Reached skill level 1 in Air Magic
  2747 | D:3      | Reached skill level 1 in Earth Magic
  2747 | D:3      | Reached skill level 1 in Poison Magic
  2747 | D:3      | Reached XP level 5. HP: 23/37 MP: 0/14
  2932 | D:4      | Killed from afar by an orc wizard

Vault maps used:
D:1:      scummos_arrival_forest
D:2:      chequers_ecumenical_altar_island
D:3:      serial_bayou, serial_bayou_lagoon_b, serial_bayou_pond_e,
          serial_bayou_pond_e, serial_bayou_pond_e, first_ration
D:4:      uniq_robin

Skill      XL: |  1  2  3  4 |
---------------+-------------+-----
Conjurations   | 2 |  2.4
Summonings     | 2 |  2.4
Translocations | 2 |  2.4
Invocations    | 1 |  1.7
Fighting       | 1 |  1.5
Short Blades   | 1 |  1.5
Long Blades    | 1 |  1.5
Axes           | 1 |  1.5
Maces & Flails | 1 |  1.5
Polearms       | 1 |  1.5
Staves         | 1 |  1.5
Slings         | 1 |  1.5
Bows           | 1 |  1.5
Crossbows      | 1 |  1.5
Throwing       | 1 |  1.5
Armour         | 1 |  1.5
Shields        | 1 |  1.5
Unarmed Combat | 1 |  1.5
Evocations     | 1 |  1.5
Hexes          | 1 |  1.2
Charms         | 1 |  1.2
Necromancy     | 1 |  1.2
Transmutations | 1 |  1.2
Fire Magic     | 1 |  1.2
Ice Magic      | 1 |  1.2
Air Magic      | 1 |  1.2
Earth Magic    | 1 |  1.2
Poison Magic   | 1 |  1.2
Dodging        | |  4.8
Stealth        | |  4.4
Spellcasting   | |  7.3

Action                   |  1- 3 |  4- 6 || total
-------------------------+-------+-------++-------
Melee: Dagger            |       |    13 ||    13
       Bite              |       |     2 ||     2
 Cast: Magic Dart        |    84 |    40 ||   124
       Conjure Flame     |       |     1 ||     1
  Use: Scroll            |     4 |       ||     4
       Potion            |       |     3 ||     3
  Eat: Chunk             |     4 |       ||     4
Armor: Robe              |     1 |     2 ||     3
Dodge: Dodged            |     7 |    32 ||    39

Table legend:
 A = Spawn XP
 B = Non-spawn XP
 C = Spawn XP percentage of total XP
 D = Spawn monster count
 E = Non-spawn monster count
 F = Spawn count percentage of total count
 G = Total turns spent on level
                    A         B        C        D         E        F      G
               +---------+---------+-------+---------+---------+-------+---------
         Total |       0 |     267 |   0.0 |       0 |      43 |   0.0 |  2932
               +---------+---------+-------+---------+---------+-------+---------
           D:1 |       0 |      19 |   0.0 |       0 |      12 |   0.0 |   922
           D:2 |       0 |      33 |   0.0 |       0 |      13 |   0.0 |  1056
           D:3 |       0 |     169 |   0.0 |       0 |      16 |   0.0 |   918
           D:4 |       0 |      46 |   0.0 |       0 |       2 |   0.0 |    36
               +---------+---------+-------+---------+---------+-------+---------
